 Dungeon Crawl Stone Soup version 0.30-a0-358-g0d69a1922f (webtiles) character file.

Game seed: 14876682154337809857

1922 retardedninja the Cleaver (level 9, -6/81 HPs)
             Began as a Hill Orc Fighter on Nov 10, 2022.
             Was an Initiate of Gozag.
             Mangled by a two-headed ogre
             ... wielding a +0 giant spiked club
              (16 damage)
             ... on level 7 of the Dungeon.
             The game lasted 00:14:33 (8720 turns).

retardedninja the Cleaver (Hill Orc Fighter)        Turns: 8720, Time: 00:14:34

Health: -6/81      AC: 15    Str: 23    XL:     9   Next: 17%
Magic:  9/9        EV:  8    Int:  8    God:    Gozag
Gold:   704        SH:  5    Dex: 10    Spells: 8/8 levels left

rFire   . . .      SeeInvis .    a - +1 war axe
rCold   . . .      Faith    .    c - +0 buckler
rNeg    . . .      Spirit   .    s - +0 chain mail
rPois   .          Reflect  .    r - +0 helmet
rElec   .          Harm     .    o - +0 cloak
rCorr   .          Rampage  .    m - +0 pair of gloves
Will    .....                    g - +0 pair of boots
Stlth   ..........               q - amulet of the acrobat
HPRegen 0.33/turn                (no ring)
MPRegen 0.11/turn                (no ring)

@: mighty, hasted, very quick
A: no striking features
a: Renounce Religion, Potion Petition, Call Merchant, Bribe Branch


You were on level 7 of the Dungeon.
You worshipped Gozag.
Gozag was pleased with you.
You visited 2 branches of the dungeon, and saw 8 of its levels.

You collected 784 gold pieces.
You paid 80 gold pieces to Gozag.

Inventory:

Hand Weapons
 a - a +1 war axe (weapon)
Missiles
 D - a throwing net (quivered)
Armour
 c - a +0 buckler (worn)
 g - a +0 pair of boots (worn)
 m - a +0 pair of gloves (worn)
 o - a +0 cloak (worn)
 r - a +0 helmet (worn)
 s - a +0 chain mail (worn)
Jewellery
 f - an amulet of regeneration
 k - a ring of willpower
 q - an amulet of the acrobat (around neck)
Wands
 d - a wand of flame (42)
 w - a wand of acid (7)
 B - a wand of roots (3)
Scrolls
 e - a scroll of vulnerability
 h - 4 scrolls of magic mapping
 j - a scroll of summoning
 n - a scroll of enchant armour
 x - a scroll of poison
 y - 3 scrolls of teleportation
Potions
 b - 4 potions of might
 i - 4 potions of attraction
 l - a potion of mutation
 p - 2 potions of lignification
 t - a potion of magic {unknown}
 u - 2 potions of curing
 v - a potion of invisibility
 C - 2 potions of brilliance
 E - a potion of heal wounds


   Skills:
 + Level 7.8 Fighting
 + Level 8.0 Axes
 + Level 7.2 Armour
 + Level 7.2 Shields


You had 8 spell levels left.
You didn't know any spells.
Your spell library contained the following spells:

 Spells                   Type           Power      Damage    Failure   Level
 Freeze                   Ice            0%         1d3       98%         1
 Sandblast                Erth           0%         2d4       98%         1
 Blink                    Tloc           0%         N/A       99%         2
 Cigotuvi's Dreadful Rot  Necr/Pois/Air  0%         N/A       99%         2
 Passwall                 Tmut/Erth      0%         N/A       99%         2
 Poisonous Vapours        Pois/Air       0%         N/A       99%         2
 Frozen Ramparts          Ice            0%         1d1       100%        3
 Hailstorm                Conj/Ice       0%         3d3       100%        3
 Mephitic Cloud           Conj/Pois/Air  0%         N/A       100%        3
 Ozocubu's Armour         Ice            0%         N/A       100%        3
 Stone Arrow              Conj/Erth      0%         3d7       100%        3
 Manifold Assault         Tloc           0%         N/A       100%        4
 Ozocubu's Refrigeration  Ice            0%         4d7       100%        7
 Storm Form               Tmut/Air       0%         N/A       100%        7


Dungeon Overview and Level Annotations

Branches:
Dungeon (7/15)             Temple (1/1) D:4

Altars:
Ashenzari
Cheibriados
Dithmenos
Fedhas
Gozag
Hepliaklqana
Kikubaaqudgha
Okawaru
Qazlal
Ru
Sif Muna
Trog
Uskayaw
Vehumet
Wu Jian
Xom
Yredelemnul
Zin
The Shining One

Shops:
D:4 [


Message History

t - the +5 mace of the Scavenger {freeze, rC++} You drop the +5 mace of the Scavenger {freeze, rC++}.
You now have 704 gold pieces (gained 16).
t - a bubbling amethyst potion
w - a wand of acid (7)
A two-headed ogre comes into view.
It is wielding a +0 giant spiked club and a +0 giant club.
A two-headed ogre is nearby!
Okay, then.
You feel yourself speed up.
You feel very mighty all of a sudden.
The two-headed ogre hits you with a +0 giant spiked club!!
The two-headed ogre completely misses you.
You slash the two-headed ogre!
The two-headed ogre is lightly wounded.
You slash the two-headed ogre!
The two-headed ogre is moderately wounded.
You block the two-headed ogre's attack. x2
You barely miss the two-headed ogre.
The two-headed ogre is moderately wounded.
You slash the two-headed ogre!
The two-headed ogre is heavily wounded.
The two-headed ogre hits you with a +0 giant spiked club!!
The two-headed ogre barely misses you.
You barely miss the two-headed ogre.
The two-headed ogre is heavily wounded.
You barely miss the two-headed ogre.
The two-headed ogre is heavily wounded.
You hit the two-headed ogre.
The two-headed ogre is severely wounded.
The two-headed ogre hits you with a +0 giant spiked club!
The two-headed ogre hits you but does no damage.
You hit the two-headed ogre.
The two-headed ogre is severely wounded.
You slice the two-headed ogre!!
The two-headed ogre is almost dead.
The two-headed ogre hits you with a +0 giant spiked club!!
* * * LOW HITPOINT WARNING * * *
The two-headed ogre hits you with a +0 giant club!
You die...
Your body crumbles into a pile of gold.

##....# #. #....#
#....# #....#
######....#
#.........#
#.........#
..#####.........#
.........O@.....#
.......#######+##
....... .......
....... .......
....... ....... $


You could see a two-headed ogre.

Vanquished Creatures
  2 water moccasins
  A black bear (D:6)
  3 ogres (D:5)
  A phantom (D:7)
  A necrophage (D:7)
  5 wights (D:7)
  7 hounds
  2 jellies
  An orc priest (D:6)
  A gnoll bouda (D:7)
  5 iguanas
  Terence (D:2)
  Natasha (twice) (D:2)
  7 orc wizards
  Robin (D:2)
  5 adders
  8 gnolls
  A shadow imp (D:6)
  2 worms
  2 dart slugs (D:3)
  16 orcs
  12 bats
  9 endoplasms
  5 giant cockroaches
  18 goblins
  9 hobgoblins
  2 jackals (D:4)
  4 quokkas
  6 ball pythons
  3 frilled lizards
  14 kobolds
  5 rats
161 creatures vanquished.

Notes
Turn   | Place    | Note
-------+----------+-------------------------------------------
     0 | D:1      | retardedninja the Hill Orc Fighter began the quest for the
                  | Orb.
     0 | D:1      | Reached XP level 1. HP: 19/19 MP: 1/1
    57 | D:1      | Reached skill level 3 in Axes
    57 | D:1      | Reached XP level 2. HP: 25/27 MP: 2/2
   205 | D:1      | Found a faded altar of an unknown god.
   334 | D:1      | Reached XP level 3. HP: 33/33 MP: 3/3
   640 | D:2      | Noticed Robin
   669 | D:2      | Killed Robin
   670 | D:2      | Reached XP level 4. HP: 5/40 MP: 4/4
  1120 | D:2      | Noticed Natasha
  1129 | D:2      | Killed Natasha
  1234 | D:2      | Noticed Natasha
  1242 | D:2      | Killed Natasha
  1243 | D:2      | Reached skill level 4 in Axes
  1243 | D:2      | Reached XP level 5. HP: 9/47 MP: 5/5
  1996 | D:2      | Identified the +5 short sword of Iroh {flame, Fragile Int+6
                  | Dex+4}
  2280 | D:2      | Noticed Terence
  2294 | D:2      | Killed Terence
  2476 | D:3      | Identified the +7 short sword of Benevolence {flame, +Blink
                  | rC+}
  2658 | D:3      | Reached skill level 5 in Fighting
  2658 | D:3      | Reached XP level 6. HP: 47/56 MP: 6/6
  3767 | D:4      | Found Quram's Armour Emporium.
  3790 | D:4      | Noticed a torpor snail
  3792 | D:4      | Found a snail-covered altar of Cheibriados.
  3792 | D:4      | Noticed a torpor snail
  3792 | D:4      | Noticed a torpor snail
  4033 | D:4      | Found a staircase to the Ecumenical Temple.
  4069 | Temple   | Entered the Ecumenical Temple
  4167 | Temple   | Became a worshipper of Gozag Ym Sagoz the Greedy
  4346 | D:4      | Reached skill level 5 in Axes
  4388 | D:4      | Found a sacrificial altar of Ru.
  4916 | D:5      | Entered Level 5 of the Dungeon
  5009 | D:5      | Reached skill level 5 in Armour
  5009 | D:5      | Reached skill level 5 in Shields
  5009 | D:5      | Reached XP level 7. HP: 31/61 MP: 7/7
  5919 | D:5      | Reached skill level 6 in Axes
  6010 | D:5      | Reached XP level 8. HP: 71/71 MP: 8/8
  7481 | D:6      | Found a hazy altar of Hepliaklqana.
  7838 | D:7      | Reached skill level 7 in Axes
  8332 | D:7      | Reached XP level 9. HP: 51/79 MP: 9/9
  8475 | D:7      | Identified the +5 mace of the Scavenger {freeze, rC++}
  8486 | D:7      | Reached skill level 8 in Axes
  8700 | D:7      | Noticed a two-headed ogre
  8720 | D:7      | Mangled by a two-headed ogre

Illustrated notes

Levels and vault maps discovered:
D:1:      heliophobic_arrival_enchanted_forest, layout_rooms,
          shapermc_ecumenical_altar_starsandcircs, minmay_vboxes
D:2:      layout_basic, uniq_robin, uniq_natasha, uniq_terence
D:3:      layout_loops_corners
D:4:      layout_basic, cheibriados_altar_2, mainiacjoe_overflow_paths,
          temple_green, serial_shops, kennysheep_mini, hex_tiny
D:5:      layout_basic
D:6:      layout_layer_cave, nicolae_hepliaklqana_hippocampus,
          corexii_item_surrounded_by_moat
D:7:      layout_gridville, serial_shops, shop_statue, st_stairs_8,
          nicolae_benzene_ring
Temple:   minmay_temple_bridge_d

Skill      XL: |  1  2  3  4  5  6  7  8  9 |
---------------+----------------------------+-----
Axes           | 3 4 5 6 7 8 |  8.0
Fighting       | 4 5 6 7 |  7.8
Shields        | 4 5 6 7 |  7.2
Armour         | 4 5 6 7 |  7.2

Action                   |  1- 3 |  4- 6 |  7- 9 || total
-------------------------+-------+-------+-------++-------
Melee: War axe           |   131 |   194 |   223 ||   548
  Use: Potion            |     3 |       |     4 ||     7
       Scroll            |       |     8 |    11 ||    19
Armor: Scale mail        |    86 |    60 |       ||   146
       Chain mail        |       |    25 |   149 ||   174
Dodge: Dodged            |    61 |    84 |   103 ||   248
Block: Buckler           |    39 |    40 |    58 ||   137

Table legend: (Time is in decaauts)
 A = Elapsed time spent in this place.
 B = Non-inter-level travel time spent in this place.
 C = Inter-level travel time spent in this place.
 D = Time resting spent in this place.
 E = Time spent auto-exploring this place.
 F = Levels seen in this place.
 G = Mean time per level.
                   A        B        C        D        E       F      G
               +--------+--------+--------+--------+--------+-----+--------+
         Total |   8872 |   8362 |    510 |   2159 |   4800 |   8 | 1109.0 |
       Dungeon |   8697 |   8273 |    424 |   2159 |   4726 |   7 | 1242.4 |
        Temple |    174 |     88 |     86 |      0 |     74 |   1 |  174.0 |
               +--------+--------+--------+--------+--------+-----+--------+

Top non-repeatable levels by time:
     D:2: 1937 daAuts
     D:4: 1381 daAuts
     D:5: 1289 daAuts
     D:6: 1283 daAuts
     D:3: 1218 daAuts
     D:7: 907 daAuts
     D:1: 679 daAuts
  Temple: 174 daAuts
